 Dungeon Crawl Stone Soup version 0.28-a0-983-g1de4e0787c (webtiles) character file.

Game seed: 7088851521532419420

14879 Anon1729 the Impaler (level 12, -3/105 HPs)
             Began as a Merfolk Monk on Dec 2, 2021.
             Was a High Priest of Zin.
             Slain by a two-headed ogre (27 damage)
             ... on level 11 of the Dungeon.
             The game lasted 00:35:55 (20382 turns).

Anon1729 the Impaler (Merfolk Monk)                Turns: 20382, Time: 00:35:55

Health: -3/105     AC:  6    Str: 13    XL:     12   Next: 21%
Magic:  18/18      EV: 19    Int: 12    God:    Zin [*****.]
Gold:   285        SH:  0    Dex: 19    Spells: 11/11 levels left

rFire   + . .      SeeInvis .   b - +5 hand axe of Resumed Hostilities {venom, Int+2 Stlth+}
rCold   x . .      Faith    +   (no shield)
rNeg    . . .      Spirit   .   B - +0 steam dragon scales
rPois   +          Reflect  .   (no helmet)
rElec   .          Harm     .   (no cloak)
rCorr   .          Rampage  .   (no gloves)
Will    .....                   k - +0 pair of boots
Stlth   ++++++....              n - amulet of faith
HPRegen 0.27/turn               i - ring of poison resistance
MPRegen 0.16/turn               E - ring of fire

@: no status effects
A: (nimble swimmer 2), mertail, robust 1
a: Renounce Religion, Recite, Vitalisation, Imprison, Sanctuary, Donate Gold


You were on level 11 of the Dungeon.
You worshipped Zin.
Zin was extremely pleased with you.
You visited 2 branches of the dungeon, and saw 12 of its levels.

You collected 575 gold pieces.
You spent 233 gold pieces at shops.
You donated 57 gold pieces to Zin.

Inventory:

Hand Weapons
 a - a +1 spear
 b - the +5 hand axe of Resumed Hostilities (weapon) {venom, Int+2 Stlth+}
   (You found it on level 4 of the Dungeon)

   It poisons the flesh of those it strikes.
   Int:       It affects your intelligence (+2).
   Stlth:     It makes you more stealthy.
 v - a +0 spear of freezing
 y - a +3 glaive of distortion
Missiles
 m - 2 throwing nets
 C - 6 atropa-tipped darts (quivered)
 K - 23 poisoned darts
Armour
 k - a +0 pair of boots (worn)
 B - +0 steam dragon scales (worn)
Jewellery
 i - a ring of poison resistance (left hand)
 l - a ring of protection from cold
 n - an amulet of faith (around neck)
 s - a ring of resist corrosion
 E - a ring of fire (right hand)
 H - a ring of protection from cold
 M - a +6 ring of intelligence
Scrolls
 d - 3 scrolls of enchant weapon
 e - 2 scrolls of teleportation
 g - a scroll of magic mapping
 t - 2 scrolls of vulnerability
 u - 3 scrolls of amnesia
 z - a scroll of holy word
 A - a scroll of fog {unknown}
 D - a scroll of silence {unknown}
Potions
 f - a potion of magic {unknown}
 h - 3 potions of haste {unknown}
 j - a potion of berserk rage {unknown}
 o - 2 potions of mutation
 p - 3 potions of lignification {unknown}
 r - 2 potions of invisibility {unknown}
 w - 2 potions of heal wounds
 F - 3 potions of curing
 G - a potion of attraction {unknown}
 L - a potion of cancellation {unknown}
Miscellaneous
 J - a condenser vane (inert)


   Skills:
 + Level 9.5 Fighting
 * Level 16.4 Polearms
 + Level 11.2 Dodging
 + Level 10.0 Stealth
 * Level 8.3 Invocations


You had 11 spell levels left.
You didn't know any spells.
Your spell library contained the following spells:

 Spells                   Type           Power      Damage    Failure   Level
 Petrify                  Tmut/Erth      0%         N/A       97%         4
 Metabolic Englaciation   Hex/Ice        0%         N/A       100%        5
 Statue Form              Tmut/Erth      0%         N/A       100%        6


Dungeon Overview and Level Annotations

Branches:
Dungeon (11/15)            Temple (1/1) D:4
   Lair: D:8-11         Orc: D:9-12

Altars:
Ashenzari
Cheibriados
Dithmenos
Elyvilon
Fedhas
Gozag
Hepliaklqana
Kikubaaqudgha
Makhleb
Nemelex Xobeh
Okawaru
Qazlal
Ru
Sif Muna
Trog
Uskayaw
Vehumet
Wu Jian
Xom
Yredelemnul
Zin
The Shining One

Shops:
D:4 :*![   D:6 :


Innate Abilities, Weirdness & Mutations

((You are quick and stealthy near water. (Stealth+, EV+, Speed+++)))
Your lower body shifts to a powerful aquatic tail in water.
You are robust. (+10% HP)


Message History

The manticore looks as sick as possible!
The manticore is almost dead.
The manticore barely misses you. x2; The manticore misses you.
You hit the manticore.
The manticore looks as sick as possible!
The manticore is almost dead.
The manticore bites you.
* * * LOW HITPOINT WARNING * * *
The manticore misses you.
The manticore claws you but does no damage.
You hit the manticore.
You kill the manticore!
Your Stealth skill increases to level 10!
You close the door.
You start resting.
Something unseen opens the door.
A two-headed ogre is nearby!
A two-headed ogre is nearby!
(D) Dungeon (T) Temple
Where to? (Enter - D:11, ? - help)
Okay, then.
Unknown command.
(D) Dungeon (T) Temple
Where to? (Enter - D:11, ? - help)
Okay, then.
You start resting.
A two-headed ogre is nearby!
A two-headed ogre is nearby!
A two-headed ogre is nearby!
A two-headed ogre is nearby!
There is an open door here.
The two-headed ogre shouts in stereo!
The two-headed ogre hits you with a +0 giant club!!
The two-headed ogre hits you with a +0 giant spiked club!!
You hit the two-headed ogre.
The two-headed ogre is poisoned.
The two-headed ogre is lightly wounded.
The two-headed ogre hits you with a +0 giant club!!
* * * LOW HITPOINT WARNING * * *
The two-headed ogre hits you with a +0 giant spiked club!!
You die...

..........# #...#...
........### #...+...
........# #...###.
........##########.....'.
.......................#.
..##''#####............#.
. #.......#............#.
#.....O.#............#.
#.....@##...######'#.#.
#......#....#......#.##
#......#...<#......#...
#......#....#(.(...#...
#......'....#......#...
##.....#....########...
#.....#.......).).....
#.....#..#############
... #.....#..#


You could see a two-headed ogre (very poisoned).

Vanquished Creatures
  A boulder beetle (D:11)
  Erica (D:8)
  2 two-headed ogres
  6 hell knights (D:10)
  2 necromancers (D:10)
  A manticore (D:11)
  Joseph (D:7)
  Maggie (D:7)
  A komodo dragon (D:10)
  A troll (D:10)
  A hornet (D:9)
  5 slime creatures
  5 yaks (D:10)
  A wyvern (D:8)
  2 steam dragons
  An acid dragon (D:10)
  2 water moccasins
  7 hell hounds (D:10)
  An ice beast (D:7)
  A necrophage (D:5)
  2 sky beasts (D:5)
  A black bear (D:5)
  A hornet zombie (D:6)
  An ogre (D:5)
  4 centaurs
  3 bullfrogs
  A gnoll sergeant (D:8)
  3 scorpions
  4 wights (D:8)
  6 killer bees
  5 howler monkeys
  3 electric eels (D:10)
  2 hounds
  8 orc priests
  2 bullfrog zombies
  2 centaur zombies
  2 gnoll shamans
  2 jellies
  2 bullfrog skeletons (D:6)
  An iron imp (D:10)
  2 iguanas
  A centaur skeleton (D:6)
  Natasha (thrice) (D:2)
  7 orc wizards
  2 howler monkey zombies
  19 gnolls
  5 adders
  An adder skeleton (D:3)
  4 dart slugs
  28 orcs
  7 ball pythons
  6 endoplasms
  3 giant cockroaches (D:1)
  7 goblins
  3 hobgoblins
  3 quokkas
  6 bats
  6 kobolds
  A quokka skeleton (D:4)
  8 rats
220 creatures vanquished.

Vanquished Creatures (others)
  A black bear (D:4)
  16 plants
17 creatures vanquished.

Grand Total: 237 creatures vanquished

Notes
Turn   | Place    | Note
-------+----------+-------------------------------------------
     0 | D:1      | Anon1729 the Merfolk Monk began the quest for the Orb.
     0 | D:1      | Reached XP level 1. HP: 18/18 MP: 1/1
   151 | D:1      | Reached XP level 2. HP: 19/24 MP: 2/2
   447 | D:1      | Reached skill level 5 in Polearms
   520 | D:1      | Reached XP level 3. HP: 29/29 MP: 3/3
  1006 | D:2      | Noticed Natasha
  1024 | D:2      | Killed Natasha
  1025 | D:2      | Reached XP level 4. HP: 18/37 MP: 4/4
  1192 | D:2      | Noticed Natasha
  1326 | D:2      | Killed Natasha
  1326 | D:2      | Noticed Natasha
  1449 | D:2      | Killed Natasha
  1675 | D:2      | Reached skill level 6 in Polearms
  1766 | D:2      | Reached XP level 5. HP: 42/42 MP: 5/5
  1772 | D:2      | Found a faded altar of an unknown god.
  1778 | D:2      | Prayed at the altar of an unknown god.
  1778 | D:2      | Became a worshipper of Zin the Law-Giver
  1778 | D:2      | Reached * piety under Zin
  1778 | D:2      | Reached ** piety under Zin
  1778 | D:2      | Reached *** piety under Zin
  2489 | D:2      | Reached skill level 5 in Dodging
  3163 | D:3      | Reached XP level 6. HP: 24/48 MP: 6/6
  3478 | D:3      | Found a shadowy altar of Dithmenos.
  3526 | D:3      | Reached skill level 7 in Polearms
  3791 | D:4      | Found Soimm's Assorted Antiques.
  3796 | D:4      | Bought 2 blue potions for 41 gold pieces
  3796 | D:4      | Bought a scroll labelled BIZYIKH HIREY for 23 gold pieces
  3796 | D:4      | Bought a viscous purple potion for 20 gold pieces
  3796 | D:4      | Bought a scroll labelled RUTISUTRIA for 23 gold pieces
  3808 | D:4      | Found Sissim's Distillery.
  3992 | D:4      | Found Jouluch's Book Shoppe.
  4083 | D:4      | Found Zoicud's Antique Armour Shoppe.
  4246 | D:4      | Found a staircase to the Ecumenical Temple.
  4328 | D:4      | Found a bloodstained altar of Trog.
  4397 | D:5      | Entered Level 5 of the Dungeon
  4399 | D:5      | Noticed a black bear
  4473 | D:4      | Killed a black bear
  4553 | Temple   | Entered the Ecumenical Temple
  5308 | D:4      | Reached XP level 7. HP: 19/55 MP: 7/7
  5620 | D:4      | Identified the +5 hand axe of Resumed Hostilities {venom,
                  | Int+2 Stlth+}
  5882 | D:5      | Reached skill level 8 in Polearms
  5886 | D:5      | Reached **** piety under Zin
  6197 | D:5      | Reached skill level 5 in Fighting
  6583 | D:6      | Reached skill level 9 in Polearms
  6583 | D:6      | Reached skill level 5 in Stealth
  6649 | D:5      | Reached XP level 8. HP: 12/63 MP: 8/8
  7619 | D:5      | Reached skill level 10 in Polearms
  7902 | D:6      | Found Osupsur's Book Shoppe.
  8659 | D:6      | Reached XP level 9. HP: 35/70 MP: 9/9
  8874 | D:6      | Reached skill level 11 in Polearms
  9295 | D:7      | Noticed Maggie
  9304 | D:7      | Killed Maggie
  9322 | D:7      | Noticed Joseph
  9608 | D:7      | Killed Joseph
  9609 | D:7      | Reached skill level 12 in Polearms
  9861 | D:7      | Reached ***** piety under Zin
 10690 | D:4      | Bought a potion of curing for 42 gold pieces
 10690 | D:4      | Bought a potion of degeneration for 14 gold pieces
 10690 | D:4      | Bought a potion of heal wounds for 70 gold pieces
 11023 | D:8      | Noticed Erica
 11188 | D:8      | Killed Erica
 11189 | D:8      | Reached skill level 13 in Polearms
 11189 | D:8      | Reached XP level 10. HP: 24/79 MP: 9/11
 11795 | D:8      | Found a white marble altar of Elyvilon.
 11847 | D:8      | Found a shimmering altar of Xom.
 12040 | D:9      | Noticed a two-headed ogre
 13055 | D:8      | Found a stormy altar of Qazlal.
 14370 | D:8      | Reached skill level 14 in Polearms
 15184 | D:9      | Noticed a two-headed ogre
 15456 | D:9      | Killed a two-headed ogre
 15457 | D:9      | Reached skill level 5 in Invocations
 15608 | D:10     | Entered Level 10 of the Dungeon
 15776 | D:10     | Reached skill level 10 in Dodging
 15776 | D:10     | Reached XP level 11. HP: 42/87 MP: 14/14
 16041 | D:10     | Found a snail-covered altar of Cheibriados.
 16324 | D:10     | Noticed a two-headed ogre
 16604 | D:10     | Gained mutation: You are robust. (+10% HP) [potion of
                  | mutation]
 17687 | D:10     | Killed a two-headed ogre
 18011 | D:10     | Reached skill level 15 in Polearms
 18572 | D:10     | Noticed a necromancer
 18643 | D:10     | Noticed a necromancer
 18804 | D:10     | Noticed a hell knight
 18831 | D:10     | Noticed a hell knight
 18859 | D:10     | Noticed a hell knight
 19291 | D:10     | Killed a hell knight
 19520 | D:10     | Killed a necromancer
 19521 | D:10     | Noticed a hell knight
 19522 | D:10     | Killed a hell knight
 19526 | D:10     | Noticed a hell knight
 19527 | D:10     | Killed a hell knight
 19528 | D:10     | Killed a hell knight
 19535 | D:10     | Killed a hell knight
 19536 | D:10     | Reached skill level 16 in Polearms
 19604 | D:10     | Killed a necromancer
 19605 | D:10     | Reached XP level 12. HP: 96/104 MP: 17/17
 19622 | D:10     | Noticed a hell knight
 19682 | D:10     | Killed a hell knight
 19907 | D:11     | Noticed a boulder beetle
 19924 | D:11     | Killed a boulder beetle
 20096 | D:11     | Noticed a two-headed ogre
 20112 | D:11     | Reached skill level 10 in Stealth
 20382 | D:11     | Slain by a two-headed ogre

Illustrated notes

Levels and vault maps discovered:
D:1:      erik_arrival_blinker_ship, layout_loops_corners
D:2:      layout_basic, shapermc_ecumenical_altar_acropolis, uniq_natasha
D:3:      layout_rooms, mainiacjoe_overflow_alcove_1, serial_bayou_ford_a,
          chequers_serial_rivers_micro_e
D:4:      layout_basic, bloody_trog, lemuel_temple_firewalk_a, serial_shops,
          kennysheep_little_box, kennysheep_mini, shop_fountains,
          nicolae_shop_behind_doors
D:5:      layout_basic
D:6:      layout_cave_pools, serial_shops, nicolae_shop_trees
D:7:      layout_cave_pools, minmay_misc_feat_tiny, kennysheep_dice,
          uniq_joseph, uniq_maggie
D:8:      layout_loops_ring, lemuel_tele_altar, nicolae_qazlal_eye_of_the_storm,
          old_standard_altar, minmay_crystal_water, uniq_erica
D:9:      layout_stronghold
D:10:     layout_basic, slow_altar_2, minmay_rotating_lava
D:11:     layout_irregular_city, dpeg_oklobed_lair
Temple:   compressed_dpeg_circular_temple

Skill      XL: |  1  2  3  4  5  6  7  8  9 10 11 12 |
---------------+-------------------------------------+-----
Polearms       | 5 6 7 9 10 13 14 16 | 16.4
Stealth        | 3 4 5 6 7 8 9 10 | 10.0
Fighting       | 4 5 6 7 8 9 |  9.5
Dodging        | 5 6 7 9 10 11 | 11.2
Invocations    | 2 5 7 8 |  8.3

Action                   |  1- 3 |  4- 6 |  7- 9 | 10-12 || total
-------------------------+-------+-------+-------+-------++-------
Melee: Spear             |    78 |   278 |   192 |   736 ||  1284
       Hand axe          |       |       |   151 |   107 ||   258
       Tailslap          |       |       |       |     9 ||     9
Throw: Dart              |       |       |       |     3 ||     3
Invok: Recite            |       |       |     1 |     2 ||     3
Evoke: Wand              |       |       |     8 |    13 ||    21
       Condenser vane    |       |       |       |     1 ||     1
  Use: Scroll            |       |     1 |     4 |     3 ||     8
       Potion            |       |       |     2 |     6 ||     8
 Stab: Sleeping          |    13 |    13 |     6 |     8 ||    40
       Distracted        |       |       |     1 |     2 ||     3
       Confused          |       |       |       |     2 ||     2
Armor: Leather armour    |     6 |    28 |    44 |       ||    78
       Steam dragon scal |       |       |    14 |    58 ||    72
Dodge: Dodged            |    24 |   123 |   241 |   320 ||   708

Table legend: (Time is in decaauts)
 A = Elapsed time spent in this place.
 B = Non-inter-level travel time spent in this place.
 C = Inter-level travel time spent in this place.
 D = Time resting spent in this place.
 E = Time spent auto-exploring this place.
 F = Levels seen in this place.
 G = Mean time per level.
                   A        B        C        D        E       F      G
               +--------+--------+--------+--------+--------+-----+--------+
         Total |  19857 |  19066 |    791 |   6943 |   8556 |  12 | 1654.8 |
       Dungeon |  19773 |  18991 |    782 |   6943 |   8494 |  11 | 1797.5 |
        Temple |     84 |     75 |      9 |      0 |     62 |   1 |   84.0 |
               +--------+--------+--------+--------+--------+-----+--------+

Top non-repeatable levels by time:
    D:10: 3608 daAuts
     D:5: 2570 daAuts
     D:8: 2314 daAuts
     D:9: 2043 daAuts
     D:7: 1949 daAuts
     D:4: 1562 daAuts
     D:6: 1395 daAuts
     D:2: 1305 daAuts
     D:1: 1298 daAuts
     D:3: 1112 daAuts
    D:11: 614 daAuts
  Temple: 84 daAuts
